Map: [ESL] Alcyone

Players

Rob

  • Race: Protoss Protoss
  • Spawn Location: 1:00

Cham - Winner!

  • Race: Zerg Zerg
  • Spawn Location: 7:00

Event: ESL SC2 Masters 2023 Winter (Finals)

VOD

Have the link to the VOD?

Description

Time

  • Played on: Dec. 15, 2023, 5:04 p.m.
  • Length: 26:08

All games in this series

Show
View Real Time Build Order
Export as new Build Order

Rob Protoss 

Build Orders: 1 Gate Expand, Carriers, Carrier Rush 

Get SALT Encoding   

  12  0:00  Probe  
  13  0:12  Probe  
  14  0:22  Pylon  
  14  0:24  Probe  
  15  0:40  Probe (Chrono Boost)  
  16  0:44  Gateway  
  16  0:49  Probe (Chrono Boost)  
  17  0:52  Assimilator  
  17  0:54  Probe  
  18  1:06  Probe  
  19  1:18  Probe  
  20  1:26  Nexus  
  20  1:33  Cybernetics Core  
  20  1:35  Probe (Chrono Boost)  
  21  1:42  Assimilator  
  21  1:45  Probe (Chrono Boost)  
  22  1:52  Probe  
  22  1:53  Pylon  
  23  2:08  Adept (Chrono Boost)  
  23  2:11  Probe  
  26  2:23  Stargate, Probe  
  27  2:31  Adept  
  27  2:36  Warp Gate (Chrono Boost)  
  30  2:38  Probe (Chrono Boost)  
  30  2:40  Probe (Chrono Boost)  
  31  2:47  Probe (Chrono Boost)  
  31  2:50  Probe (Chrono Boost)  
  33  2:52  Probe  
  34  2:59  Probe  
  34  3:04  Probe  
  36  3:10  Assimilator  
  36  3:11  Probe  
  36  3:12  Assimilator  
  37  3:17  Probe  
  38  3:23  Probe  
  38  3:26  Pylon  
  39  3:31  Probe (Chrono Boost)  
  39  3:32  Stargate  
  40  3:35  Probe (Chrono Boost)  
  40  3:39  Pylon  
  42  3:44  Fleet Beacon  
  42  3:45  Probe (Chrono Boost)  
  42  3:46  Probe (Chrono Boost)  
  43  3:50  Probe (Chrono Boost)  
  43  3:52  Gateway  
  43  3:53  Probe  
  43  3:55  Pylon  
  45  4:02  Probe  
  46  4:05  Probe  
  47  4:17  Probe  
  47  4:21  Protoss Air Weapons Level 1 (Chrono Boost)  
  48  4:29  Probe  
  61  4:38  Carrier (Chrono Boost)  
  61  4:39  Carrier (Chrono Boost), Pylon  
  61  4:48  Pylon  
  61  4:57  Nexus  
  61  5:00  Shield Battery, Probe x2  
  63  5:12  Probe x2  
  65  5:25  Probe  
  65  5:28  Carrier (Chrono Boost), Probe  
  66  5:34  Carrier (Chrono Boost)  
  79  5:37  Probe  
  79  5:40  Probe  
  81  5:43  Stargate  
  81  5:48  Stargate  
  81  5:49  Probe  
  82  5:53  Probe  
  82  5:54  Assimilator  
  83  5:58  Assimilator  
  83  6:02  Probe  
  83  6:03  Pylon  
  84  6:05  Probe  
  84  6:10  Probe  
  86  6:14  Probe  
  86  6:17  Probe  
  88  6:22  Probe  
  89  6:26  Probe  
  89  6:29  Probe  
  91  6:33  Zealot x2  
  91  6:34  Probe  
  91  6:38  Probe  
  94  6:40  Carrier x2 (Chrono Boost)  
  94  6:41  Probe  
  94  6:47  Probe  
  108  6:50  Probe, Pylon  
  109  7:03  Pylon  
  109  7:05  Pylon  
  109  7:08  Probe x3  
  112  7:13  Void Ray (Chrono Boost)  
  116  7:16  Pylon  
  116  7:17  Pylon  
  116  7:20  Probe  
  121  7:25  Pylon  
  127  7:33  Mothership  
  127  7:34  Void Ray (Chrono Boost)  
  139  7:46  Void Ray (Chrono Boost)  
  139  7:47  Pylon x2  
  139  7:52  Forge  
  139  7:53  Void Ray (Chrono Boost)  
  139  7:54  Void Ray (Chrono Boost)  
  143  8:09  Void Ray (Chrono Boost)  
  143  8:15  Shield Battery  
  143  8:17  Shield Battery  
  147  8:20  Void Ray (Chrono Boost)  
  147  8:26  Void Ray (Chrono Boost)  
  155  8:28  Stalker x2  
  155  8:29  Photon Cannon  
  155  8:33  Photon Cannon  
  157  8:37  Void Ray (Chrono Boost)  
  157  8:38  Protoss Air Weapons Level 2 (Chrono Boost)  
  155  8:43  Nexus  
  155  8:46  Pylon  
  163  9:05  Pylon  
  163  9:08  Probe x3  
  163  9:09  Void Ray x2 (Chrono Boost)  
  166  9:14  Pylon  
  174  9:20  Void Ray (Chrono Boost)  
  174  9:24  Void Ray (Chrono Boost), Photon Cannon  
  174  9:31  Photon Cannon  
  174  9:32  Photon Cannon  
  174  9:35  Shield Battery  
  174  9:37  Pylon  
  178  9:47  Void Ray  
  178  9:52  Void Ray  
  182  9:56  Assimilator  
  186  10:01  Assimilator, Pylon  
  186  10:03  Flux Vanes  
  186  10:04  Void Ray  
  190  10:10  Void Ray  
  190  10:14  Zealot x2  
  198  10:30  Void Ray  
  198  10:35  Photon Cannon  
  194  10:36  Photon Cannon  
  194  10:37  Photon Cannon  
  194  10:39  Photon Cannon  
  194  10:41  Photon Cannon  
  190  10:49  Void Ray  
  194  10:52  Protoss Air Weapons Level 3  
  194  10:56  Void Ray  
  198  11:02  Twilight Council  
  188  11:31  Void Ray x2  
  188  11:32  Void Ray  
  176  11:39  Void Ray  
  138  12:13  Void Ray (Chrono Boost)  
  138  12:14  Carrier (Chrono Boost), Void Ray x2 (Chrono Boost)  
  136  12:17  Templar Archives  
  136  12:22  Gateway x2  
  142  12:24  Gateway  
  142  12:25  Gateway x2  
  142  12:27  Gateway  
  146  12:53  Stargate x2  
  146  12:54  Void Ray x2 (Chrono Boost), Psionic Storm  
  146  12:55  Void Ray (Chrono Boost)  
  146  12:59  Gateway  
  146  13:00  Charge (Chrono Boost)  
  146  13:03  Gateway  
  146  13:04  High Templar x2  
  154  13:17  Void Ray (Chrono Boost)  
  154  13:24  Nexus  
  154  13:25  Pylon  
  162  13:27  Void Ray (Chrono Boost)  
  162  13:34  Void Ray (Chrono Boost)  
  166  13:37  Void Ray (Chrono Boost)  
  166  13:39  Assimilator  
  166  13:41  Pylon  
  166  13:43  Tempest (Chrono Boost)  
  166  13:47  Void Ray (Chrono Boost), Photon Cannon  
  175  13:49  Photon Cannon  
  175  13:58  High Templar x2  
  179  14:03  Photon Cannon  
  179  14:04  Photon Cannon, Shield Battery  
  179  14:05  Pylon  
  179  14:06  Photon Cannon  
  179  14:16  High Templar  
  185  14:17  High Templar  
  185  14:22  Zealot x4  
  185  14:23  Void Ray (Chrono Boost)  
  195  14:38  Robotics Facility  
  189  14:45  High Templar x2  
  189  14:46  High Templar  
  189  14:49  Zealot x3  
  189  14:52  Protoss Shields Level 1 (Chrono Boost), Archon  
  199  15:32  Void Ray (Chrono Boost)  
  199  15:33  Void Ray (Chrono Boost)  
  191  15:40  Void Ray (Chrono Boost)  
  191  15:48  Void Ray x2 (Chrono Boost)  
  191  15:58  Void Ray (Chrono Boost)  
  191  16:00  Zealot x4  
  199  16:08  Observer  
  200  16:11  Blink  
  200  16:12  Pylon  
  200  16:16  Nexus  
  196  16:31  Robotics Facility  
  194  16:33  Photon Cannon  
  194  16:34  Robotics Facility, Photon Cannon  
  194  16:35  Photon Cannon  
  194  16:36  Photon Cannon, Shield Battery  
  194  16:37  Shield Battery  
  194  16:39  Photon Cannon  
  192  16:41  Photon Cannon  
  184  16:51  Tempest x4  
  198  17:07  Zealot  
  197  17:42  Zealot x2  
  197  17:43  Zealot  
  191  18:07  Zealot x3  
  191  18:08  Zealot x2  
  199  18:15  Assimilator  
  199  18:19  Assimilator  
  199  18:23  Cybernetics Core  
  199  18:26  Photon Cannon  
  199  18:28  Photon Cannon  
  199  18:30  Photon Cannon  
  199  18:32  Photon Cannon  
  189  18:51  High Templar  
  189  18:52  High Templar x3  
  191  19:00  Tempest  
  196  19:19  Void Ray x3  
  196  19:22  Protoss Shields Level 2 (Chrono Boost)  
  200  19:29  Void Ray x2  
  200  19:45  Protoss Air Armor Level 1 (Chrono Boost)  
  182  20:00  Carrier x3  
  182  20:04  Zealot x2  
  195  20:36  High Templar  
  195  20:37  High Templar  
  195  20:39  Pylon  
  195  20:50  Tempest  
  179  21:35  High Templar x3  
  179  21:36  High Templar  
  185  21:42  Pylon  
  185  21:50  Stargate  
  185  21:51  Gateway  
  185  21:52  Stargate  
  185  21:54  Nexus, Gateway, Stargate  
  185  21:56  Gateway  
  185  21:58  Gateway x2  
  177  22:02  Gateway, Zealot x2  
  177  22:03  Zealot x3  
  167  22:14  Tempest x5  
  181  22:17  Zealot x4  
  179  22:24  High Templar x5  
  179  22:29  Archon  
  187  22:36  Pylon  
  187  22:39  Tempest  
  190  22:51  High Templar  
  190  22:57  Tempest  
  193  23:13  Zealot x3  
  199  23:21  Observer (Chrono Boost)  
  199  23:24  Photon Cannon  
  199  23:25  Photon Cannon  
  199  23:27  Photon Cannon  
  200  23:28  Photon Cannon  
  200  23:29  Photon Cannon  
  177  23:43  Zealot x9  
  177  23:44  Zealot x3  
  199  23:55  Zealot x3  
  139  24:12  High Templar x4  
  143  24:19  Zealot x2  
  137  24:35  Zealot x9  
  143  24:54  Stalker x6  
  143  24:56  Zealot x4, Stalker x5  
  139  25:19  Stalker  
  139  25:20  Zealot, Stalker x3  
  108  25:42  Archon x2  
  75  25:55  Stalker x4  
Show
View Real Time Build Order
Export as new Build Order

Cham Zerg - Winner!

Build Orders: Hatch First 

Get SALT Encoding   

  12  0:00  Drone  
  13  0:12  Overlord  
  13  0:17  Drone  
  14  0:30  Drone x2  
  16  0:47  Hatchery  
  15  0:50  Drone  
  15  0:55  Drone  
  17  1:02  Drone  
  18  1:12  Spawning Pool  
  18  1:15  Extractor  
  18  1:16  Drone  
  18  1:18  Drone  
  18  1:29  Drone  
  19  1:39  Drone  
  20  1:49  Drone  
  21  1:59  Queen x2  
  21  2:00  Drone  
  26  2:01  Overlord  
  26  2:16  Hatchery  
  26  2:19  Drone  
  26  2:24  Overlord  
  26  2:30  Drone  
  26  2:31  Zergling x2  
  26  2:33  Zergling x2  
  29  2:40  Queen  
  31  2:46  Queen  
  31  2:49  Drone  
  34  2:52  Drone  
  34  2:55  Metabolic Boost  
  35  3:00  Drone  
  35  3:01  Drone  
  37  3:10  Drone x4  
  41  3:14  Overlord  
  41  3:20  Queen  
  43  3:27  Queen  
  43  3:32  Drone  
  43  3:33  Drone x2  
  43  3:34  Drone x2  
  49  3:37  Spore Crawler  
  49  3:42  Drone  
  49  3:43  Drone x3  
  53  3:50  Drone x2  
  53  3:52  Spore Crawler  
  53  3:53  Drone  
  53  3:54  Drone  
  56  3:57  Overlord  
  56  4:04  Overlord  
  56  4:08  Drone x2  
  58  4:13  Extractor, Drone  
  58  4:16  Drone, Spore Crawler  
  61  4:17  Drone x5  
  61  4:19  Drone  
  61  4:24  Lair  
  64  4:26  Zergling x2  
  64  4:27  Zergling x4  
  67  4:32  Zergling x4  
  67  4:34  Drone  
  67  4:35  Extractor  
  67  4:37  Extractor, Drone  
  69  4:38  Drone, Extractor  
  69  4:39  Extractor  
  69  4:41  Evolution Chamber  
  69  4:44  Drone x2  
  69  4:45  Drone x2  
  71  4:48  Drone x2  
  74  4:52  Drone  
  74  4:53  Overlord x2  
  74  5:06  Zerg Missile Weapons Level 1  
  74  5:10  Overlord  
  74  5:11  Drone x3, Roach Warren  
  74  5:12  Drone x3  
  74  5:13  Drone  
  80  5:15  Drone  
  80  5:18  Drone x2  
  83  5:22  Drone x2  
  83  5:26  Spire  
  84  5:29  Drone x2  
  84  5:33  Overlord  
  86  5:47  Hatchery  
  85  5:50  Overlord  
  85  5:56  Drone, Spore Crawler  
  84  5:59  Overlord  
  84  6:00  Queen x3  
  84  6:03  Drone  
  91  6:07  Drone x3, Spore Crawler  
  91  6:08  Drone x4  
  91  6:10  Overlord  
  97  6:17  Spore Crawler  
  90  6:37  Corruptor x7  
  98  6:46  Corruptor x2  
  99  6:49  Corruptor  
  96  7:00  Drone x7  
  103  7:04  Drone x2  
  103  7:07  Glial Reconstitution  
  105  7:09  Overlord x2  
  105  7:12  Overlord  
  105  7:18  Zerg Missile Weapons Level 2, Overlord x2  
  105  7:22  Overlord  
  105  7:23  Overlord  
  105  7:28  Overlord  
  105  7:33  Overlord  
  105  7:37  Corruptor  
  105  7:38  Corruptor x2  
  105  7:39  Corruptor  
  105  7:40  Corruptor  
  105  7:43  Overlord  
  115  7:47  Corruptor x2  
  119  7:52  Roach x3  
  119  7:55  Corruptor  
  119  7:57  Corruptor  
  129  7:59  Corruptor  
  129  8:03  Corruptor  
  133  8:08  Corruptor  
  133  8:11  Corruptor  
  137  8:15  Corruptor  
  137  8:18  Extractor  
  138  8:21  Extractor  
  138  8:23  Overlord  
  138  8:25  Drone x5  
  138  8:26  Drone  
  143  8:27  Hatchery  
  143  8:28  Drone x5  
  147  8:35  Overlord  
  147  8:36  Extractor  
  147  8:37  Zerg Flyer Weapons Level 1  
  147  8:39  Drone x4  
  147  8:40  Overlord  
  150  8:42  Infestation Pit  
  149  8:48  Zergling x2  
  149  8:49  Zergling x14  
  151  8:56  Drone  
  151  8:57  Drone x6  
  158  9:08  Drone x3  
  158  9:09  Drone  
  162  9:15  Spore Crawler x2  
  162  9:16  Drone x3, Spore Crawler  
  162  9:17  Spore Crawler x2  
  162  9:18  Neural Parasite  
  162  9:19  Infestor, Spore Crawler x2  
  162  9:20  Spore Crawler  
  162  9:22  Infestor  
  161  9:26  Infestor x2  
  161  9:28  Overseer  
  161  9:30  Infestor  
  167  9:31  Spore Crawler  
  167  9:35  Infestor, Spore Crawler  
  167  9:36  Infestor  
  169  9:41  Spore Crawler  
  169  9:42  Spore Crawler  
  169  9:43  Infestor  
  169  9:44  Infestor, Spore Crawler  
  170  9:48  Drone x2, Spore Crawler  
  170  9:49  Spore Crawler  
  170  9:55  Hive, Spore Crawler  
  170  9:58  Drone x3  
  170  9:59  Spore Crawler  
  171  10:00  Spore Crawler  
  171  10:04  Spore Crawler  
  169  10:08  Burrow, Overlord  
  169  10:11  Overlord  
  169  10:14  Overlord  
  167  10:29  Corruptor  
  167  10:30  Corruptor x5  
  167  10:31  Overlord x2  
  167  10:34  Zergling x2  
  167  10:35  Zergling x10  
  183  10:36  Overlord x2  
  183  10:38  Corruptor  
  183  10:39  Corruptor  
  187  10:47  Spore Crawler x2  
  187  10:48  Spore Crawler  
  187  10:49  Spore Crawler x2  
  179  10:50  Corruptor  
  179  10:53  Spore Crawler x2  
  179  10:57  Spore Crawler  
  179  10:59  Spore Crawler  
  177  11:04  Corruptor x2  
  177  11:05  Corruptor x2  
  175  11:24  Corruptor x8  
  175  11:31  Corruptor  
  170  11:37  Corruptor  
  171  11:46  Corruptor x2  
  157  12:00  Corruptor x3  
  146  12:12  Hatchery  
  146  12:14  Drone x3  
  146  12:15  Drone x4  
  152  12:16  Drone x3  
  152  12:17  Drone  
  152  12:21  Drone x3  
  157  12:27  Hydralisk Den  
  157  12:28  Zergling x18, Roach Warren  
  160  12:35  Zergling x6  
  162  12:42  Viper x3  
  155  12:47  Extractor  
  155  12:48  Adrenal Glands, Drone x2, Extractor  
  155  12:50  Drone, Evolution Chamber  
  155  12:51  Drone x3  
  158  12:55  Drone  
  158  12:56  Drone  
  158  12:57  Drone  
  161  13:04  Infestor x2  
  165  13:07  Drone x2  
  165  13:10  Drone  
  165  13:11  Spore Crawler  
  167  13:16  Zerg Ground Armor Level 1  
  167  13:18  Hatchery  
  167  13:19  Drone  
  167  13:24  Corruptor  
  169  13:29  Spore Crawler  
  169  13:30  Drone x2, Spore Crawler  
  169  13:32  Infestor, Hatchery  
  170  13:39  Greater Spire  
  170  13:41  Zergling x2  
  170  13:42  Zergling x26  
  182  14:02  Drone  
  178  14:03  Drone x3, Baneling Nest  
  178  14:04  Drone x7  
  187  14:12  Drone x3  
  187  14:16  Corruptor x4  
  196  14:18  Spore Crawler  
  196  14:19  Spore Crawler  
  196  14:20  Extractor x2, Spore Crawler x2, Spine Crawler  
  196  14:23  Spore Crawler  
  190  14:25  Overlord  
  190  14:27  Drone  
  190  14:29  Ultralisk Cavern  
  190  14:33  Roach, Evolution Chamber  
  190  14:34  Zergling x2, Roach x4  
  200  14:45  Overlord  
  199  14:54  Zerg Flyer Weapons Level 2, Baneling x4  
  199  14:57  Centrifugal Hooks  
  199  15:02  Spore Crawler  
  199  15:03  Spore Crawler  
  199  15:04  Drone x3, Spore Crawler x2  
  199  15:05  Drone, Spore Crawler, Spine Crawler  
  199  15:06  Spore Crawler, Brood Lord  
  198  15:10  Zerg Melee Weapons Level 1  
  180  15:25  Ultralisk  
  180  15:26  Zergling x2, Ultralisk x2  
  180  15:27  Zergling x10  
  178  15:36  Corruptor x3  
  178  15:39  Infestor  
  178  15:40  Infestor x5  
  192  15:53  Brood Lord x2  
  192  15:54  Drone x2  
  192  15:55  Drone  
  192  15:56  Chitinous Plating  
  197  16:01  Drone x3  
  200  16:16  Extractor  
  200  16:17  Extractor  
  198  16:20  Spore Crawler, Spine Crawler  
  198  16:21  Zergling x2, Spore Crawler  
  198  16:22  Zergling x6, Spine Crawler  
  198  16:25  Zerg Ground Armor Level 2  
  198  16:29  Drone x2  
  192  16:40  Drone x2  
  192  16:41  Drone x3  
  192  16:42  Drone x3  
  192  16:43  Drone  
  192  16:45  Brood Lord x2  
  199  16:49  Brood Lord  
  200  17:01  Overseer  
  200  17:02  Overseer  
  200  17:16  Zerg Flyer Armor Level 1  
  200  17:23  Baneling x3  
  200  17:24  Baneling  
  199  17:43  Zergling x2  
  199  17:44  Zergling x2  
  199  17:47  Overseer  
  193  17:55  Corruptor x3  
  193  18:09  Viper x2, Corruptor  
  193  18:10  Corruptor x4, Hatchery  
  200  18:30  Hatchery  
  200  18:32  Zergling x4  
  199  18:34  Spore Crawler  
  199  18:35  Spore Crawler  
  194  18:52  Hatchery  
  184  19:03  Corruptor x7  
  184  19:05  Zergling x2  
  183  19:21  Drone  
  183  19:22  Drone x4  
  188  19:24  Spore Crawler  
  188  19:29  Hatchery  
  188  19:30  Baneling  
  188  19:31  Baneling x6  
  186  19:34  Infestor  
  186  19:35  Corruptor x5  
  186  19:37  Drone  
  194  20:05  Corruptor  
  194  20:06  Corruptor x2  
  200  20:09  Zerg Flyer Weapons Level 3  
  200  20:16  Drone, Spore Crawler  
  199  20:36  Spore Crawler  
  199  20:37  Spore Crawler  
  199  20:39  Infestor  
  199  20:41  Extractor  
  197  20:48  Unknown  
  197  20:49  Brood Lord x3  
  195  20:54  Zergling x8  
  199  20:58  Spore Crawler  
  199  21:00  Drone, Spine Crawler  
  191  21:15  Viper x2, Corruptor  
  195  21:33  Infestor x2  
  199  21:48  Spore Crawler  
  199  21:49  Spore Crawler x2  
  199  21:53  Drone  
  199  21:54  Drone x2  
  199  21:55  Spore Crawler  
  199  21:56  Spore Crawler  
  199  21:58  Spore Crawler  
  199  22:00  Spore Crawler x2  
  191  22:14  Corruptor x5  
  197  22:23  Brood Lord  
  197  22:24  Brood Lord x2  
  187  22:30  Zergling x12, Ultralisk  
  196  22:51  Viper x2  
  199  22:59  Spore Crawler  
  199  23:01  Drone x2, Spore Crawler x2  
  199  23:02  Spore Crawler  
  199  23:03  Spore Crawler x3  
  192  23:13  Zergling x14  
  192  23:14  Baneling x7  
  192  23:15  Baneling x2  
  185  23:42  Brood Lord  
  185  23:43  Brood Lord  
  185  23:46  Zergling x2  
  185  23:47  Zergling x20  
  199  23:51  Zergling x6  
  163  24:14  Zergling x30  
  172  24:19  Viper x3, Corruptor x4  
  172  24:20  Corruptor x2  
  191  24:33  Brood Lord x2  
  191  24:35  Infestor x2  
  191  24:36  Infestor  
  199  24:45  Corruptor x3  
  195  24:55  Corruptor x2  
  197  25:03  Corruptor x5  
  196  25:12  Hatchery  
  158  25:16  Corruptor  
  158  25:17  Corruptor x6  
  158  25:19  Zergling x12  
  158  25:20  Ultralisk x2  
  163  25:32  Brood Lord  
Tags
 
Add a new tag
Caveats
  • Supply blocks, unpowered buildings, or Contaminate may cause inaccurate times.
  • Supply counts are checked every 10 seconds.